 Dungeon Crawl Stone Soup version 0.20.1-1-g8b1a95d (console) character file.

101 vuolankoinen the Sneak (level 4, 0/28 HPs)
             Began as an Octopode Wizard on Nov 22, 2017.
             Was a Follower of Cheibriados.
             Slain by a jackal (3 damage)
             ... on level 2 of the Dungeon.
             The game lasted 00:10:58 (2099 turns).

vuolankoinen the Sneak (Octopode Wizard)            Turns: 2099, Time: 00:10:58

Health: 0/28       AC:  1    Str:  9    XL:     4   Next: 75%
Magic:  6/9        EV: 14    Int: 24    God:    Cheibriados [*.....]
Gold:   90         SH:  0    Dex: 13    Spells: 4/9 levels left

rFire    . . .     SeeInvis .   l - +0 dagger
rCold    . . .     Gourm    .   (no shield)
rNeg     . . .     Faith    .   a - +0 hat
rPois    .         Spirit   .   (no amulet)
rElec    .         Reflect  .   d - ring of loudness (curse)
rCorr    .         Harm     .   (no ring)
MR       .....                  (no ring)
Stlth    ++........             (no ring)
Regen    0.1/turn               (no ring)
MPRegen  0.2/turn               (no ring)
                                (no ring)
                                (no ring)

@: very slow
A: almost no armour, stealthy swim, amphibious, 8 rings, constrict 8, camouflage
1, gelatinous body 1
a: Bend Time, Renounce Religion


You were on level 2 of the Dungeon.
You worshipped Cheibriados.
Cheibriados was aware of your devotion.
You were not hungry.

You visited 1 branch of the dungeon, and saw 2 of its levels.

You collected 90 gold pieces.

Inventory:

Hand Weapons
 l - a +0 dagger (weapon)
Armour
 a - a +0 hat (worn)
Jewellery
 d - a cursed ring of loudness (left tentacle)
Scrolls
 e - a scroll of fog {unknown}
 h - a scroll of identify {unknown}
 i - a scroll of remove curse {unknown}
 o - a scroll of recharging {unknown}
Potions
 k - a potion of lignification {unknown}
 m - 2 potions of heal wounds {unknown}
 n - a potion of cancellation {unknown}
 p - a potion of curing {unknown}
Books
 b - a book of Minor Magic

   Spells                             Type                      Level
   a - Magic Dart                     Conjuration                  1
   b - Blink                          Translocation                2
   c - Call Imp                       Summoning                    2
   d - Slow                           Hexes                        2
   e - Conjure Flame                  Conjuration/Fire             3
   f - Mephitic Cloud                 Conjuration/Poison/Air       3
Comestibles
 c - a bread ration
 f - a meat ration
 g - 6 fruits
 j - 2 royal jellies


   Skills:
 * Level 1.5 Fighting
 + Level 0.4 Short Blades
 + Level 3.0 Dodging
 + Level 3.7 Stealth
 + Level 3.4 Spellcasting
 + Level 1.7 Conjurations
 - Level 1.0 Summonings
 - Level 1.0 Translocations


You had 4 spell levels left.
You knew the following spells:

 Your Spells              Type           Power        Failure   Level  Hunger
a - Magic Dart            Conj           ##..         4%          1    None
b - Blink                 Tloc           N/A          11%         2    #......
c - Call Imp              Summ           #.......     11%         2    #......


Dungeon Overview and Level Annotations

Branches:
Dungeon (2/15)

Altars:
Cheibriados

Annotations:
D:1 exclusion: gnoll


Innate Abilities, Weirdness & Mutations

You cannot wear most types of armour.
You are very stealthy in the water. (Stealth+)
You are amphibious.
You can wear up to eight rings at the same time.
You can use your tentacles to constrict eight enemies at once.
Your skin changes colour to match your surroundings (Stealth+).
Your rubbery body absorbs attacks. (AC +1, EV +1)


Message History

* * * LOW HITPOINT WARNING * * *
The jackal misses you.
You closely miss the jackal. Your grab misses the jackal.
The jackal is lightly wounded.
The jackal closely misses you. The jackal bites you.
* * * LOW HITPOINT WARNING * * *
You closely miss the jackal. Your grab misses the jackal.
The jackal is lightly wounded.
The jackal barely misses you. The jackal closely misses you.
The jackal barely misses you. x2
You hit the jackal. Your grab misses the jackal.
The jackal is heavily wounded.
The jackal barely misses you. x2
You miss the jackal. You grab the jackal.
The jackal is heavily wounded.
You constrict the jackal. The jackal closely misses you.
The jackal barely misses you. x2
You hit the jackal.
You kill the jackal!
Cheibriados thoroughly appreciates the change of pace.
The jackal bites you.
You die...

..# #..# ...# ##...#
.#..# ###...#
#.....# #.....# #
##h#†.##############
#..@#.#.............
##..#.#.############
####.#.# #...# #####


You could see a jackal.

Vanquished Creatures
  2 adders (D:2)
  A gnoll (D:1)
  2 oozes
  3 worms (D:2)
  3 dart slugs
  3 leopard geckos
  3 bats
  A giant cockroach (D:1)
  8 goblins
  6 hobgoblins
  6 jackals
  3 kobolds
  2 frilled lizards (D:1)
  4 rats
47 creatures vanquished.

Vanquished Creatures (collateral kills)
  A kobold (D:1)
1 creature vanquished.

Grand Total: 48 creatures vanquished

Notes
Turn   | Place    | Note
-------+----------+-------------------------------------------
     0 | D:1      | vuolankoinen the Octopode Wizard began the quest for the Orb.
     0 | D:1      | Reached XP level 1. HP: 11/11 MP: 4/4
   204 | D:1      | Reached XP level 2. HP: 14/17 MP: 3/6
   208 | D:1      | Learned a level 2 spell: Blink
   211 | D:1      | Learned a level 2 spell: Call Imp
   721 | D:1      | Reached XP level 3. HP: 20/22 MP: 2/7
  1381 | D:2      | Found a faded altar of an unknown god.
  1710 | D:2      | Reached skill level 1 in Fighting
  1727 | D:2      | Became a worshipper of Cheibriados the Contemplative
  1727 | D:2      | Reached * piety under Cheibriados
  1894 | D:2      | Reached XP level 4. HP: 28/28 MP: 9/9
  2099 | D:2      | Slain by a jackal

Skill      XL: |  1  2  3  4 |
---------------+-------------+-----
Stealth        | 3 |  3.7
Fighting       | 1 |  1.5
Dodging        | 3 |  3.0
Short Blades   | |  0.4
Spellcasting   | |  3.4
Conjurations   | |  1.7
Summonings     | |  1.0
Translocations | |  1.0

Action                   |  1- 3 |  4- 6 || total
-------------------------+-------+-------++-------
Melee: Unarmed           |    59 |       ||    59
       Constrict         |    17 |    12 ||    29
       Tentacles         |     8 |    10 ||    18
       Dagger            |    19 |    60 ||    79
 Cast: Magic Dart        |    44 |     1 ||    45
       Call Imp          |     6 |       ||     6
       Blink             |     2 |       ||     2
Invok: Bend Time         |       |     1 ||     1
 Stab: Sleeping          |     7 |     1 ||     8
  Eat: Chunk             |     3 |       ||     3
Armor: Skin              |     8 |     3 ||    11
Dodge: Dodged            |    48 |    62 ||   110
